Map: Newkirk Precinct TE (Void)

Players

Cot

  • Race: Terran Terran
  • League: Diamond
  • Spawn Location: 5:00

Musumeci - Winner!

  • Race: Zerg Zerg
  • League: Diamond
  • Spawn Location: 7:00

VOD

Have the link to the VOD?

Description

Time

  • Played on: March 23, 2017, 1:19 p.m.
  • Length: 3:58
Show
View Real Time Build Order
Export as new Build Order

Cot Terran 

Build Orders:  

Get SALT Encoding   

  12  0:01  SCV  
  13  0:13  SCV  
  14  0:19  Supply Depot  
  14  0:25  SCV  
  15  0:41  SCV  
  16  0:47  Barracks  
  16  0:53  SCV  
  17  1:05  SCV  
  18  1:35  SCV  
  19  1:40  Barracks  
  19  1:47  SCV  
  19  1:50  Refinery, Command Center  
  20  1:58  Supply Depot  
  20  1:59  SCV, Marine  
  22  2:16  Orbital Command  
  21  2:43  SCV  
  22  2:47  Barracks Reactor  
  22  2:55  SCV  
  22  2:56  Marine  
  21  3:02  Bunker  
  21  3:15  Bunker  
  22  3:24  Bunker, Marine x2  
Show
View Real Time Build Order
Export as new Build Order

Musumeci Zerg - Winner!

Build Orders: Hatch First 

Get SALT Encoding   

  12  0:06  Drone  
  13  0:08  Drone  
  14  0:15  Extractor  
  14  0:16  Drone  
  15  0:48  Extractor  
  15  0:49  Hatchery  
  14  0:50  Drone  
  15  1:01  Spawning Pool  
  14  1:13  Extractor  
  13  1:28  Drone  
  14  1:34  Overlord  
  14  1:38  Extractor  
  14  1:53  Zergling x6, Extractor  
  16  1:58  Extractor  
  17  2:06  Queen  
  18  2:10  Zergling x2  
  18  2:14  Zergling x2  
  18  2:15  Zergling x2  
  21  2:32  Zergling x6  
  24  2:40  Zergling x2  
  24  2:41  Zergling x2  
  26  3:06  Zergling x4  
  26  3:41  Zergling x2  
Tags
 
Add a new tag
Caveats
  • Supply blocks, unpowered buildings, or Contaminate may cause inaccurate times.
  • Supply counts are checked every 10 seconds.